 Dungeon Crawl Stone Soup version 0.30.1-11-g7821555f0a (webtiles) character file.

Game seed: 2214432499090028254

28 Ancymon the Trooper (level 3, -3/33 HPs)
             Began as a Hill Orc Fighter on Nov 25, 2023.
             Slain by a cerulean imp
             ... wielding a +1 spear
             ... summoned by Natasha
              (5 damage)
             ... on level 2 of the Dungeon on Nov 29, 2023.
             The game lasted 00:03:35 (842 turns).

Ancymon the Trooper (Hill Orc Fighter)               Turns: 842, Time: 00:03:36

Health: -3/33      AC:  7    Str: 20    XL:     3   Next: 14%
Magic:  3/3        EV:  9    Int:  8    God:
Gold:   39         SH:  4    Dex: 10    Spells: 2/2 levels left

rFire   . . .        a - +0 war axe
rCold   . . .        c - +0 buckler
rNeg    . . .        b - +0 scale mail
rPois   .            (no helmet)
rElec   .            (no cloak)
rCorr   .            (no gloves)
SInv    .            (no boots)
Will    .....        (no amulet) Stlth
                     (no ring)
HPRegen 0.25/turn    (no ring)
MPRegen 0.08/turn

%: no passive effects
@: mighty
A: no striking features
a: no special abilities


You were on level 2 of the Dungeon.
You visited 1 branch of the dungeon, and saw 2 of its levels.

You collected 39 gold pieces.

Inventory:

Hand Weapons
 a - a +0 war axe (weapon)
Armour
 b - a +0 scale mail (worn)
 c - a +0 buckler (worn)
Scrolls
 f - a scroll of teleportation


   Skills:
 + Level 3.9 Fighting
 + Level 3.2 Axes
 + Level 3.8 Armour
 + Level 3.5 Shields


You had 2 spell levels left.
You didn't know any spells.
Your spell library was empty.

Dungeon Overview and Level Annotations

Branches:
Dungeon (2/15)

Altars:

Annotations:
D:2 Natasha


Message History

You are poisoned.
The adder poisons you!
You closely miss the adder.
The adder is lightly wounded.
You feel very sick. The adder closely misses you. The adder barely misses you.
You barely miss the adder.
The adder is lightly wounded.
You feel sick. The adder bites you but does no damage.
You hit the adder.
The adder is moderately wounded.
You feel sick. You block the adder's attack. The adder barely misses you.
Natasha casts a spell.
You miss the adder.
The adder is moderately wounded.
You feel sick. The adder bites you but does no damage. The adder bites you.
You slash the adder!
You kill the adder!
You feel sick.
You are no longer poisoned.
The cerulean imp barely misses you. Natasha casts a spell at you.
The magic dart hits you.
* * * LOW HITPOINT WARNING * * *
The cerulean imp hits you from afar with a +1 spear.
* * * LOW HITPOINT WARNING * * *
You have reached level 3!
Your experience leads to an increase in your attributes!
Increase (S)trength, (I)ntelligence, or (D)exterity?
You feel stronger. x2
Okay, then.
You feel very mighty all of a sudden. Natasha closely misses you.
The cerulean imp hits you from afar with a +1 spear.
* * * LOW HITPOINT WARNING * * *
You slash Natasha!
Natasha is almost dead.
Natasha casts a spell.
The cerulean imp hits you from afar with a +1 spear.
You die...

#.# #..# #.# #..#
#.####..# #.##....#
##.##.##.# #####
##.##..#.# #... .#
.#.......#####.####...##
.'....<........5@h......
.####...######.###5...##
## #..## #... ...# #
#.## ##### ### #.# #..
###


You could see Natasha and 2 cerulean imps.

Vanquished Creatures
  An adder (D:2)
  3 endoplasms
  A giant cockroach (D:1)
  A goblin (D:1)
  4 hobgoblins (D:1)
  2 kobolds (D:1)
  A ball python (D:1)
  5 frilled lizards (D:1)
  A rat (D:1)
19 creatures vanquished.

Notes
Turn   | Place    | Note
-------+----------+-------------------------------------------
     0 | D:1      | Ancymon the Hill Orc Fighter began the quest for the Orb.
     0 | D:1      | Reached XP level 1. HP: 19/19 MP: 1/1
   194 | D:1      | Reached XP level 2. HP: 26/27 MP: 2/2
   827 | D:2      | Noticed Natasha
   841 | D:2      | Reached XP level 3. HP: 3/33 MP: 3/3
   841 | D:2      | HP: 1/33 [cerulean imp/+1 spear[Natasha] (2)]
   842 | D:2      | Slain by a cerulean imp

Illustrated notes

Levels and vault maps discovered:
D:1:      nzn_arrival_depleted_hourglass, layout_basic, serial_shops, shop,
          st_stairs_6, minmay_curled_crystal
D:2:      layout_loops_corners, dreamdust_wishing_well, minmay_misc_feat_room,
          uniq_natasha, uniq_robin, uniq_crazy_yiuf_cottage

Skill      XL: |  1  2 |
---------------+-------+-----
Axes           | 3 |  3.2
Fighting       | |  3.9
Armour         | |  3.8
Shields        | |  3.5

Action                     || total
---------------------------++-------
  Melee: War axe           ||    48
    Use: Potion            ||     3
         Scroll            ||     5
   Stab: Invisible         ||     1
 Armour: Scale mail        ||    32
  Dodge: Dodged            ||    33
  Block: Buckler           ||     9
